 Dungeon Crawl Stone Soup version 0.20.1-1-g8b1a95d (webtiles) character file.

34637 Heskey the Fighter (level 13, -4/122 HPs)
             Began as a Naga Fighter on Nov 4, 2017.
             Slain by a white ugly thing (46 damage)
             ... on level 14 of the Dungeon on Nov 7, 2017.
             The game lasted 00:51:35 (20868 turns).

Heskey the Fighter (Naga Fighter)                  Turns: 20868, Time: 00:51:36

Health: -4/122     AC: 17    Str: 22    XL:     13   Next: 78%
Magic:  13/13      EV:  5    Int:  9    God:
Gold:   668        SH: 12    Dex: 12    Spells: 12/12 levels left

rFire    + + .     SeeInvis +   e - +2 trident (venom)
rCold    x . .     Gourm    +   c - +0 shield
rNeg     + . .     Faith    .   l - +1 plate armour
rPois    +         Spirit   .   i - +0 helmet
rElec    .         Reflect  .   n - +0 cloak
rCorr    .         Harm     .   (no gloves)
MR       ++...                  (no barding)
Stlth    ..........             q - amulet "Isifrimm" {Gourm rPois rF+ MR+}
Regen    0.3/turn               D - ring of fire
MPRegen  0.2/turn               z - ring of positive energy

@: very slow
A: see invisible, deformed body, frail 1, poison resistance, slowness 2, slow
metabolism 1, spit poison 1, evolution 1, constrict 1, AC +4
a: Spit Poison


You were on level 14 of the Dungeon.
You were very full.

You visited 1 branch of the dungeon, and saw 14 of its levels.

You collected 788 gold pieces.
You spent 120 gold pieces at shops.

Inventory:

Hand Weapons
 e - a +2 trident of venom (weapon)
 w - a +0 halberd
 A - a +0 arbalest
Armour
 c - a +0 shield (worn)
 i - a +0 helmet (worn)
 l - a +1 plate armour (worn)
 n - a +0 cloak (worn)
 O - a +0 large shield
Jewellery
 q - the amulet "Isifrimm" (around neck) {Gourm rPois rF+ MR+}
   (You found it on level 12 of the Dungeon)

   [amulet of the gourmand]

   It allows you to eat raw meat even when not hungry.
   It protects you from fire.
   It protects you from poison.
   It affects your resistance to hostile enchantments.
 r - an uncursed ring of ice
 z - a ring of positive energy (right hand)
 D - a ring of fire (left hand)
 F - an uncursed ring of fire
 I - an uncursed amulet of guardian spirit
Wands
 a - a wand of flame (47/48)
 y - a wand of digging (12/24)
 N - a wand of paralysis (4/24)
Scrolls
 d - 2 scrolls of teleportation
 g - 8 scrolls of identify
 o - 7 scrolls of remove curse
 p - 2 scrolls of fog
 v - a scroll of recharging
 B - 2 scrolls of amnesia
 L - 2 scrolls of magic mapping
Potions
 j - 5 potions of brilliance
 k - 2 potions of heal wounds
 t - 2 potions of flight
 u - a potion of haste
 C - 4 potions of curing
 G - 2 potions of mutation
Books
 x - a book of Air

   Spells                             Type                      Level
   a - Shock                          Conjuration/Air              1
   b - Swiftness                      Charms/Air                   2
   c - Static Discharge               Conjuration/Air              3
   d - Airstrike                      Air                          4
   e - Lightning Bolt                 Conjuration/Air              5
Comestibles
 b - 9 royal jellies
 f - 12 bread rations
 h - 5 meat rations


   Skills:
 * Level 14.5 Fighting
 + Level 10.6 Polearms
 + Level 9.2 Armour
 + Level 9.4 Shields


You had 12 spell levels left.
You didn't know any spells.

Dungeon Overview and Level Annotations

Branches:
Dungeon (14/15)            Temple (0/1) D:6            Lair (0/6) D:10
    Orc (0/2) D:12         Vaults (0/5) D:14

Altars:
Dithmenos
Kikubaaqudgha
Makhleb
Okawaru
Sif Muna
Uskayaw
Yredelemnul

Shops:
D:4 =!   D:11 [


Innate Abilities, Weirdness & Mutations

You cannot wear boots.
Your serpentine skin is tough. (AC +4)
You have supernaturally acute eyesight. (SInv)
Armour fits poorly on your strangely shaped body.
Your system is resistant to poisons. (rPois)
You cover ground very slowly.
You have a slow metabolism.
You can spit poison.
You can use your snake-like lower body to constrict enemies.
You are frail. (-10% HP)
You evolve.


Message History

The cyan ugly thing basks in the mutagenic energy from its kin and changes!
You block the white ugly thing's attack.
There is an open door here.
Your plate armour prevents you from hitting the white ugly thing.
You grab the white ugly thing.
The white ugly thing is heavily wounded.
You constrict the white ugly thing.
You block the white ugly thing's attack.
You hit the white ugly thing.
The white ugly thing looks as sick as possible!
The white ugly thing is heavily wounded.
You constrict the white ugly thing.
The green ugly thing seems to regain its courage.
The white ugly thing engulfs you but does no damage.
You hit the white ugly thing.
The white ugly thing looks as sick as possible!
The white ugly thing is severely wounded.
You constrict the white ugly thing. The white ugly thing engulfs you.
The white ugly thing freezes you!!!
You feel a terrible chill!
You die...

#....###.###+###.###'###..#'####
##.......'.............+........
###......###+###.###'###.u...u..
##.....# #.# #.# #...... #.....#
#.###.###.# #....# #......#
#...'.'...# #uu..# #.......#
#####.##### #u...# ........# #.#
#(.### #...... ######@#######(.#
........u..u.u(..#
..################


You could see 3 ugly things.

Vanquished Creatures
  4 vault guards (D:13)
  Erica (D:9)
  2 centaur warriors
  2 death knights
  A two-headed ogre (D:13)
  4 tengu warriors
  Nergalle (D:10)
  A skeletal warrior (D:13)
  2 unseen horrors
  A wolf spider zombie (D:13)
  A deep elf mage (D:12)
  11 ugly things
  2 manticores (D:12)
  2 cyclopes (D:12)
  2 gargoyles (D:12)
  A komodo dragon (D:13)
  A centaur skeleton (D:12)
  A tengu conjurer (D:14)
  3 trolls
  3 meliai (D:13)
  2 hornets (D:12)
  4 slime creatures
  A dream sheep (shapeshifter) (D:13)
  7 hippogriffs
  Sigmund (D:2)
  A wraith (D:13)
  4 yaks
  2 shadows
  A basilisk (D:12)
  4 hogs (D:8)
  A human (D:8)
  A hungry ghost (D:11)
  3 vampire mosquitoes (D:13)
  6 wargs
  A water moccasin (D:8)
  Duvessa (D:4)
  A soldier ant (D:11)
  7 ice beasts
  6 orc warriors
  3 sky beasts
  5 ogres
  5 black bears
  A phantom (D:4)
  2 eyes of draining
  A necrophage (D:12)
  12 centaurs
  An ogre (shapeshifter) (D:13)
  The ghost of Linguinho the Caller, an amateur DsSu (D:3)
  5 boggarts
  6 bullfrogs
  A gnoll sergeant (D:11)
  A wyvern zombie (D:11)
  Dowan (D:4)
  2 wyvern skeletons
  6 scorpions
  3 killer bees (D:12)
  7 wights
  2 howler monkeys (D:12)
  3 crimson imps
  6 centaur zombies
  4 hounds
  2 jellies (D:11)
  6 orc wizards
  11 orc priests
  3 bullfrog skeletons
  7 worker ants
  3 iguanas
  Natasha (thrice) (D:4)
  A worker ant zombie (D:4)
  7 gnolls
  11 adders
  3 shadow imps
  An ooze (D:3)
  2 adder skeletons
  3 worms
  2 dart slugs
  6 leopard geckos
  45 orcs
  6 bats
  6 giant cockroaches
  4 hobgoblins
  3 jackals (D:2)
  4 kobolds
  3 quokkas
  3 frilled lizards
  4 goblins
  A leopard gecko skeleton (D:5)
  8 rats
336 creatures vanquished.

Notes
Turn   | Place    | Note
-------+----------+-------------------------------------------
     0 | D:1      | Heskey the Naga Fighter began the quest for the Orb.
     0 | D:1      | Reached XP level 1. HP: 21/21 MP: 1/1
   519 | D:1      | Reached XP level 2. HP: 28/28 MP: 2/2
   833 | D:2      | Noticed Sigmund
  1113 | D:1      | Reached XP level 3. HP: 12/36 MP: 3/3
  1643 | D:2      | Killed Sigmund
  1643 | D:2      | Reached skill level 4 in Fighting
  1643 | D:2      | Reached XP level 4. HP: 31/45 MP: 4/4
  1643 | D:2      | Reached XP level 5. HP: 35/51 MP: 5/5
  1913 | D:2      | Reached XP level 6. HP: 43/60 MP: 6/6
  2273 | D:2      | Reached skill level 5 in Fighting
  2998 | D:3      | Noticed Linguinho's ghost (amateur DsSu)
  3014 | D:3      | Killed Linguinho's ghost
  3014 | D:3      | Reached XP level 7. HP: 44/67 MP: 7/7
  3468 | D:4      | Found Napnueq's Jewellery Shop.
  3555 | D:4      | Found a deep blue altar of Sif Muna.
  3555 | D:4      | Found an ancient bone altar of Kikubaaqudgha.
  3684 | D:4      | Found a basalt altar of Yredelemnul.
  3691 | D:4      | Found a hide-covered altar of Uskayaw.
  3693 | D:4      | Found a burning altar of Makhleb.
  3794 | D:4      | Noticed Natasha
  3980 | D:4      | Reached skill level 6 in Fighting
  4314 | D:4      | Found Funosox's Distillery.
  4319 | D:4      | Bought a potion of heal wounds for 60 gold pieces
  4319 | D:4      | Bought a potion of heal wounds for 60 gold pieces
  4374 | D:4      | Noticed Dowan
  4375 | D:4      | Noticed Duvessa
  4384 | D:4      | Killed Duvessa
  4385 | D:4      | Killed Dowan
  4442 | D:4      | Reached XP level 8. HP: 69/78 MP: 8/8
  4446 | D:4      | Killed Natasha
  4542 | D:4      | Noticed Natasha
  4550 | D:4      | Killed Natasha
  4570 | D:4      | Noticed Natasha
  4575 | D:4      | Killed Natasha
  4716 | D:5      | Entered Level 5 of the Dungeon
  5068 | D:5      | Reached skill level 7 in Fighting
  5750 | D:6      | Reached skill level 5 in Polearms
  5928 | D:6      | Reached XP level 9. HP: 32/88 MP: 9/9
  5929 | D:6      | Reached skill level 8 in Fighting
  6436 | D:6      | Found a staircase to the Ecumenical Temple.
  6490 | D:6      | Reached skill level 5 in Shields
  7112 | D:7      | Found a shadowy altar of Dithmenos.
  7166 | D:7      | Reached skill level 5 in Armour
  7756 | D:8      | Reached skill level 9 in Fighting
  8086 | D:8      | Found an iron altar of Okawaru.
  8521 | D:8      | Reached XP level 10. HP: 61/99 MP: 10/10
  9515 | D:9      | Found an iron altar of Okawaru.
  9678 | D:9      | Noticed Erica
  9694 | D:9      | Killed Erica
  9694 | D:9      | Reached skill level 10 in Fighting
  9895 | D:10     | Entered Level 10 of the Dungeon
 10143 | D:10     | Found a staircase to the Lair.
 10399 | D:10     | Noticed Nergalle
 10400 | D:10     | Noticed a spectral orc warlord
 11107 | D:10     | Killed Nergalle
 11107 | D:10     | Reached XP level 11. HP: 63/110 MP: 11/11
 11403 | D:11     | Reached skill level 11 in Fighting
 12121 | D:11     | Noticed a death knight
 12863 | D:11     | Killed a death knight
 13338 | D:11     | Found Qywauc's Armour Emporium.
 13408 | D:12     | Noticed a manticore
 13415 | D:12     | Killed a manticore
 13467 | D:12     | Noticed a green ugly thing
 13481 | D:12     | Killed a green ugly thing
 13580 | D:12     | Got a heavily runed copper amulet
 13598 | D:12     | Identified the amulet "Isifrimm" {Gourm rPois rF+ MR+} (You found it on level 12 of the Dungeon)
 14014 | D:12     | Found a staircase to the Orcish Mines.
 14058 | D:12     | Noticed a cyclops
 14072 | D:12     | Killed a cyclops
 14480 | D:12     | Noticed a manticore
 14485 | D:12     | Reached skill level 12 in Fighting
 14493 | D:12     | Killed a manticore
 14652 | D:12     | Noticed a deep elf mage
 14664 | D:12     | Killed a deep elf mage
 14664 | D:12     | Reached XP level 12. HP: 84/122 MP: 12/12
 15902 | D:13     | Noticed a centaur warrior
 15909 | D:13     | Killed a centaur warrior
 15921 | D:13     | Noticed a tengu warrior
 15932 | D:13     | Noticed a tengu warrior
 15934 | D:13     | Killed a tengu warrior
 15958 | D:13     | Killed a tengu warrior
 16159 | D:13     | Reached skill level 13 in Fighting
 16195 | D:13     | Noticed a two-headed ogre
 16204 | D:13     | Killed a two-headed ogre
 16756 | D:13     | HP: 6/126 [slime creature (14)]
 17272 | D:13     | Gained mutation: You are frail. (-10% HP) [potion of mutation]
 17272 | D:13     | Gained mutation: You are very frail. (-20% HP) [potion of mutation]
 17272 | D:13     | Gained mutation: You evolve. [potion of mutation]
 17645 | D:14     | Noticed a tengu warrior
 17664 | D:13     | Killed a tengu warrior
 17888 | D:14     | Gained mutation: You can use your snake-like lower body to constrict enemies. [Naga growth]
 17888 | D:14     | Reached XP level 13. HP: 106/106 MP: 13/13
 18025 | D:14     | Reached skill level 10 in Polearms
 18933 | D:14     | Found a gate to the Vaults.
 18933 | D:14     | Noticed a vault guard
 18933 | D:14     | Noticed a vault guard
 18933 | D:14     | Noticed a vault guard
 18933 | D:14     | Noticed a vault guard
 18962 | D:13     | Killed a vault guard
 18962 | D:13     | Reached skill level 14 in Fighting
 18971 | D:13     | Killed a vault guard
 19105 | D:13     | Killed a vault guard
 19136 | D:13     | Lost mutation: You are very frail. (-20% HP) [evolution]
 19326 | D:13     | Killed a vault guard
 20868 | D:14     | Slain by a white ugly thing

Skill      XL: |  1  2  3  4  5  6  7  8  9 10 11 12 13 |
---------------+----------------------------------------+-----
Fighting       | 4 5 6 7 9 10 12 13 14 | 14.5
Armour         | 3 4 5 6 7 8 9 |  9.2
Shields        | 3 4 5 6 7 8 9 |  9.4
Polearms       | 3 4 5 6 7 8 9 10 | 10.6

Action                   |  1- 3 |  4- 6 |  7- 9 | 10-12 | 13-15 || total
-------------------------+-------+-------+-------+-------+-------++-------
Melee: Trident           |    96 |   204 |   381 |   961 |   262 ||  1904
       Constrict         |       |       |       |       |    39 ||    39
Throw: Throwing net      |       |       |       |     2 |       ||     2
 Abil: Spit Poison       |       |       |       |     7 |     4 ||    11
  Use: Potion            |     3 |     1 |     1 |    11 |     1 ||    17
       Scroll            |       |     3 |     7 |     6 |     6 ||    22
  Eat: Meat ration       |     1 |       |       |       |       ||     1
       Chunk             |       |       |     6 |    20 |    10 ||    36
       Royal jelly       |       |       |     2 |     1 |       ||     3
       Bread ration      |       |       |     1 |     2 |       ||     3
Armor: Scale mail        |    29 |   146 |   121 |       |       ||   296
       Chain mail        |       |       |     3 |   143 |       ||   146
       Plate armour      |       |       |       |   252 |    97 ||   349
Dodge: Dodged            |    17 |    70 |    81 |   132 |    26 ||   326
Block: Shield            |    52 |   151 |   153 |   465 |   112 ||   933
